 Dungeon Crawl Stone Soup version 0.27-a0-543-gd81048afd2 (webtiles) character file.

Game seed: 13189081370496095195

232805 ReteAZ the Peltast (level 18, -8/204 HPs)
             Began as a Demigod Gladiator on Mar 5, 2021.
             Splashed by a tengu reaver's acid (12 damage)
             ... on level 2 of the Vaults on Mar 7, 2021.
             The game lasted 02:25:00 (60590 turns).

ReteAZ the Peltast (Demigod Gladiator)             Turns: 60590, Time: 02:25:00

Health: -8/204     AC: 27    Str: 19    XL:     18   Next: 16%
Magic:  15/28      EV: 21    Int: 33    God:
Gold:   782        SH: 15    Dex: 13    Spells: 14/25 levels left

rFire    + . .     SeeInvis .   q - +4 demon trident (flame)
rCold    + . .     Faith    .   R - +1 kite shield {reflect}
rNeg     + + .     Spirit   .   (armour currently unavailable)
rPois    ∞         Reflect  +   c - +2 helmet {Int+3}
rElec    +         Harm     .   E - scarf {rC+ rF+}
rCorr    .         Rampage  .   (gloves currently unavailable)
Will     ++++.     Clarity  +   (boots currently unavailable)
Stlth    +.........             U - amulet of the Four Winds {rN+ Will+++ Clar}
HPRegen  0.44/turn              i - +4 ring of evasion
MPRegen  0.21/turn              b - ring of wizardry

@: statue-form, corroded, very slow
A: clumsy 1, high mp 1, forlorn
}: 1/15 runes: barnacled
a: End Transformation


You were on level 2 of the Vaults.
You were a stone statue.
You visited 6 branches of the dungeon, and saw 30 of its levels.
You visited 1 bazaar.
You also visited: Bailey and Wizlab.

You collected 3025 gold pieces.
You spent 2243 gold pieces at shops.

Inventory:

Hand Weapons
 a - a +6 trident of venom
 q - a +4 demon trident of flaming (weapon)
 v - the +4 spear "Wod Buug" {freeze, *Slow +Blink rPois}
   (You bought it in a shop on level 12 of the Dungeon)

   It has been specially enchanted to freeze those struck by it, causing extra
   injury to most foes and up to half again as much damage against particularly
   susceptible opponents.
   It can also slow down cold-blooded creatures.
   It protects you from poison.
   It lets you blink.
   It may slow you when you take damage.
Missiles
 d - 11 throwing nets (quivered)
Armour
 c - a +2 helmet of intelligence (worn)
 e - the +8 chain mail of Perfidy {rCorr Int+4}
   (You found it on level 2 of the Spider Nest)

   It affects your intelligence (+4).
   It provides partial protection from all sources of acid and corrosion.
 j - the +1 pair of gloves of Wonder (melded) {rC+ Stlth+}
   (You found it on level 2 of the Spider Nest)

   It protects you from cold.
   It makes you more stealthy.
 m - a +4 troll leather armour (melded) {Snorg}
 n - a +2 pair of boots (melded)
 E - a scarf of resistance (worn)
 J - the +1 scale mail of Vehumet's Condemnation {rF+ rC+ Int+2}
   (You took it off an orc priest on level 6 of the Dungeon)

   It affects your intelligence (+2).
   It protects you from fire.
   It protects you from cold.
 L - quicksilver dragon scales
 O - the +1 pair of gloves of True Grit {Int+2}
   (You bought it in a shop on level 2 of the Orcish Mines)

   It affects your intelligence (+2).
 R - a +1 kite shield of reflection (worn)
 V - a scarf of repulsion
Jewellery
 b - a ring of wizardry (right hand)
 i - a +4 ring of evasion (left hand)
 l - a ring of see invisible
 A - a ring of protection from fire
 D - a +4 ring of evasion
 T - a ring of protection from cold
 U - the amulet of the Four Winds (around neck) {rN+ Will+++ Clar}
   (You bought it in a shop in a bazaar)

   [amulet of nothing]

   It protects you from negative energy.
   It affects your willpower, your defense against some magical effects.
   It protects you against confusion.
Wands
 o - a wand of flame (41)
 x - a wand of charming (11)
 I - a wand of digging (13)
 M - a wand of mindburst (9)
 S - a wand of iceblast (12)
 W - a wand of paralysis (13)
Scrolls
 f - 5 scrolls of identify
 k - 5 scrolls of immolation
 r - 4 scrolls of fog
 t - 2 scrolls of fear
 u - 2 scrolls of magic mapping
 w - 5 scrolls of enchant armour
 y - 13 scrolls of teleportation
 B - a scroll of blinking
 K - a scroll of amnesia
Potions
 g - 3 potions of heal wounds
 h - a potion of magic
 p - 4 potions of flight
 s - 5 potions of mutation
 z - 5 potions of berserk rage
 C - 4 potions of invisibility
 F - 13 potions of curing
 G - 5 potions of brilliance
 H - a potion of ambrosia
 N - 6 potions of attraction
 P - 6 potions of haste
 X - 4 potions of might
 Y - 2 potions of lignification
Miscellaneous
 Q - a tin of tremorstones (2/2)
 Z - a condenser vane


   Skills:
 - Level 13.0 Fighting
 - Level 14.0 Polearms
 - Level 1.7 Throwing
 - Level 9.0 Armour
 - Level 11.0 Dodging
 - Level 15.1 Shields
 - Level 4.0 Spellcasting
 - Level 4.0 Conjurations
 + Level 10.3 Transmutations
 - Level 3.0 Air Magic
 + Level 10.3 Earth Magic
 - Level 4.0 Poison Magic


You had 14 spell levels left.
You knew the following spells:

 Your Spells              Type           Power      Damage    Failure   Level
a - Poisonous Vapours     Pois/Air       58%        N/A       1%          2
b - Mephitic Cloud        Conj/Pois/Air  30%        N/A       1%          3
c - Statue Form           Tmut/Erth      44%        N/A       4%          6

Your spell library contained the following spells:

 Spells                   Type           Power      Damage    Failure   Level
 Foxfire                  Conj/Fire      76%        2x1d7     1%          1
 Magic Dart               Conj           100%       1d8       1%          1
 Sting                    Tmut/Pois      100%       1d8       1%          1
 Passwall                 Tmut/Erth      55%        N/A       1%          2
 Searing Ray              Conj           66%        3d5       1%          2
 Wereblood                Tmut           66%        N/A       1%          2
 Petrify                  Tmut/Erth      66%        N/A       1%          4
 Blade Hands              Tmut           33%        N/A       1%          5
 Corona                   Hex            6%         N/A       2%          1
 Conjure Flame            Conj/Fire      19%        6-21      2%          3
 Dazzling Flash           Conj/Hex       38%        N/A       2%          3
 Leda's Liquefaction      Hex/Erth       20%        N/A       2%          4
 Blink                    Tloc           N/A        N/A       3%          2
 Call Imp                 Summ           6%         N/A       3%          2
 Slow                     Hex            6%         N/A       3%          2
 Irradiate                Conj/Tmut      26%        3d22      3%          5
 Hydra Form               Tmut           33%        N/A       4%          6
 Confusing Touch          Hex            6%         N/A       6%          3
 Gell's Gravitas          Tloc           3%         N/A       6%          3
 Inner Flame              Hex/Fire       6%         N/A       6%          3
 Portal Projectile        Hex/Tloc       12%        N/A       6%          3
 Yara's Violent Unravell  Hex/Tmut       20%        3d9       7%          5
 Fulminant Prism          Conj/Hex       9%         3d7       9%          4
 Iskenderun's Mystic Bla  Conj/Tloc      19%        2d6       9%          4
 Sticky Flame             Conj/Fire      19%        2d4       9%          4
 Cause Fear               Hex            3%         N/A       21%         4
 Fireball                 Conj/Fire      9%         3d6       26%         5
 Dragon Form              Tmut           33%        N/A       26%         7
 Metabolic Englaciation   Hex/Ice        3%         N/A       47%         5
 Freezing Cloud           Conj/Ice/Air   10%        6-21      75%         6


Dungeon Overview and Level Annotations

Branches:
Dungeon (13/15)            Temple (0/1) D:5            Lair (6/6) D:8
 Shoals (4/4) Lair:2       Spider (3/4) Lair:4        Slime (0/5) Lair:5
    Orc (2/2) D:12            Elf (0/3) Orc:2        Vaults (2/5) D:13
 Bailey (visited)          WizLab (visited)
  Crypt: Vaults:2-3

Shops:
D:9 !   D:10 [   D:12 *!(   D:13 :!::   Orc:2 :[?[   Shoals:1 !

Annotations:
D:5 2 transporters, Nattfarinn's ghost, novice OpTm
D:8 2 transporters, Morbidden's ghost, novice DsFi
D:11 3 runed translucent doors
D:12 2 runed translucent doors, exclusion: orange crystal statue
Lair:5 exclusion: 3 oklob plants
Spider:3 Bai Suzhen


Innate Abilities, Weirdness & Mutations

Your attributes grow dramatically as you level up.
You have an increased reservoir of magic. (+10% MP)
You shall have no god before yourself.
You are clumsy. (Dex -2)


Message History

The bolt of poison hits you but does no damage.
You resist. The ettin completely misses you.
The ettin hits you but does no damage.
You impale the tengu reaver!! You burn the tengu reaver!
You kill the tengu reaver!
The vault sentinel blows a loud note on a signal horn!
You block the ettin's attack. The ettin hits you but does no damage.
Your condenser vane has recharged.
You impale the ettin!! You burn the ettin.
The ettin is heavily wounded.
You hit the stone giant. You burn the stone giant.
The stone giant is lightly wounded.
The ironbrand convoker casts a spell at the ogre mage.
The ogre mage seems to grow stronger.
The death knight offers itself to Yredelemnul, and fills with unholy energy.
You hit the stone giant. You burn the stone giant.
The stone giant is lightly wounded.
The stone giant misses you.
You completely miss the stone giant.
The stone giant is lightly wounded.
A faun comes into view.
The faun changes into a slime creature!
The vault sentinel blows a loud note on a signal horn!
The stone giant hits you!
* * * LOW HITPOINT WARNING * * *
The tengu reaver closely misses you. x2; You block the tengu reaver's attack.
The ogre mage casts a spell at the ogre mage.
The ogre mage seems to speed up.
The stone giant barely misses you. You block the stone giant's attack.
You hear a shout!
There is an open door, spattered with blood here.
Things that are here:
a +2 battleaxe of freezing; an ugly thing corpse The stone giant hits you!!
* * * LOW HITPOINT WARNING * * *
The tengu reaver gestures at you while chanting.
The bolt of acid hits you!!
* * * LOW HITPOINT WARNING * * *
The acid corrodes you!
You are splashed with acid!
You die... ..#....#.. ...JRC.. #C#cp#p# ppp{pgJ #o.pO# #pCCO

#pC#
########Q####
+......8C...#
#...........#
#...........#
#...........#
#...........#
#...........#
#...........#
#############


You could see 3 stone giants, a tengu reaver, a vault guard (summoned), a
rakshasa (summoned), a slime creature shaped shifter, 2 ogre magi, 2 vault
sentinels, a cyclops (summoned), an ironbrand convoker (summoned) and a boggart.

Vanquished Creatures
  A quicksilver dragon (WizLab)
  Polyphemus (Shoals:2)
  5 tentacled starspawn (WizLab)
  A tengu reaver (Vaults:2)
  2 frost giants
  2 vault wardens (Vaults:1)
  A cacodemon (WizLab)
  3 ironheart preservers
  A war gargoyle (WizLab)
  6 very ugly things (WizLab)
  8 stone giants
  3 entropy weavers
  A spark wasp (Spider:2)
  Snorg (Orc:2)
  An ettin (Vaults:1)
  A merfolk javelineer (Shoals:4)
  2 crystal guardians (WizLab)
  6 merfolk impalers
  6 vault guards
  3 yaktaur captains (Vaults:1)
  2 rakshasas (Vaults:1)
  5 great orbs of eyes (WizLab)
  2 boulder beetles
  An ice dragon (Lair:5)
  3 merfolk avatars
  2 centaur warriors
  2 ogre magi (Orc:2)
  3 hydras (Lair:6)
  16 merfolk aquamancers
  A catoblepas (Shoals:1)
  An alligator snapping turtle (Shoals:4)
  A death knight (Vaults:1)
  5 two-headed ogres
  4 satyrs
  6 death yaks
  A deep troll earth mage (Vaults:1)
  2 orc high priests
  A fire crab (Lair:5)
  4 skeletal warriors (Vaults:2)
  25 sea snakes
  An orange crystal statue (WizLab)
  3 unseen horrors
  2 deep trolls (Vaults:1)
  5 glowing orange brains
  4 ironbrand convokers (Vaults:1)
  A deep elf zephyrmancer (Vaults:2)
  Pikel (D:6)
  A deep elf archer (Vaults:2)
  7 orc knights
  11 orb spiders
  17 ugly things
  5 harpies
  An oklob plant (Orc:1)
  2 necromancers
  A deep elf pyromancer (D:13)
  15 manticores
  12 cyclopes
  10 orc sorcerers
  3 moths of wrath (Spider:2)
  17 fauns
  15 wolf spiders
  A sphinx skeleton (Vaults:1)
  8 merfolk sirens
  Maurice (D:11)
  8 elephants
  A gargoyle (D:13)
  10 water nymphs
  4 black mambas
  A vault sentinel (Vaults:1)
  A torpor snail (Lair:6)
  7 eyes of devastation (WizLab)
  33 cane toads
  A centaur skeleton (D:10)
  3 kobold demonologists (D:13)
  2 human zombies
  5 rime drakes
  7 demonic crawlers
  7 komodo dragons
  6 yaktaurs (Vaults:1)
  A yaktaur skeleton (Vaults:2)
  30 merfolk
  7 trolls
  A polar bear (Lair:2)
  A hornet (Vaults:2)
  16 jumping spiders
  4 tyrant leeches (Lair:6)
  3 meliai (D:13)
  4 wind drakes
  An ettin zombie (Vaults:1)
  7 snapping turtles
  11 slime creatures
  15 blink frogs
  17 dream sheep
  An ettin skeleton (Vaults:2)
  10 water elementals
  19 tarantellas
  8 wyverns
  43 redbacks
  6 wraiths (D:13)
  41 yaks
  Eustachio (D:4)
  2 basilisks
  A hog (shapeshifter) (Vaults:1)
  4 golden eyes (WizLab)
  11 vampire mosquitoes
  2 steam dragons
  A neqoxec (WizLab)
  3 wargs (Orc:2)
  An acid dragon (shapeshifter) (Vaults:2)
  An acid dragon (D:13)
  Duvessa (D:6)
  13 water moccasins
  4 sky beasts
  4 black bears
  39 orc warriors
  An ice beast (D:10)
  2 black bears (shapeshifter)
  16 starcursed masses (WizLab)
  2 necrophages (D:11)
  12 ogres
  7 boggarts (Vaults:2)
  10 wolves (Lair:2)
  9 centaurs
  A lemure (D:6)
  A phantom (D:9)
  Blork the orc (D:6)
  25 bullfrogs
  2 gnoll sergeants
  A wyvern zombie (D:9)
  Dowan (D:6)
  6 scorpions
  10 wights
  2 electric eels
  5 howler monkeys
  A bullfrog zombie (D:13)
  3 centaur zombies
  9 hounds
  2 human simulacra
  5 jellies
  28 orc priests
  A gnoll shaman (D:9)
  6 iguanas
  2 bullfrog skeletons (D:12)
  55 orc wizards
  8 worker ants
  A hound zombie (D:8)
  A hound skeleton (D:4)
  A worker ant zombie (D:11)
  13 gnolls
  17 adders
  2 howler monkey skeletons (D:7)
  6 white imps
  An adder skeleton (D:6)
  2 dart slugs
  7 leopard geckos
  130 orcs
  3 ball pythons
  8 giant cockroaches
  11 hobgoblins
  7 jackals
  11 kobolds
  2 quokkas
  9 bats
  3 frilled lizards
  14 goblins
  A jackal skeleton (D:4)
  2 leopard gecko skeletons
  5 rats
  3 starspawn tentacles (WizLab)
  A tentacle (Shoals:1)
1211 creatures vanquished.

Vanquished Creatures (others)
  An unseen horror (Vaults:1)
  A glowing orange brain (WizLab)
  2 orc wizards (Orc:2)
  2 orcs (D:9)
  A bush (Lair:6)
  6 demonic plants (WizLab)
  65 fungi
  199 plants
  16 starspawn tentacles (WizLab)
  12 tentacles (Shoals:1)
  A withered plant (D:7)
306 creatures vanquished.

Grand Total: 1517 creatures vanquished

Notes
Turn   | Place    | Note
-------+----------+-------------------------------------------
     0 | D:1      | ReteAZ the Demigod Gladiator began the quest for the Orb.
     0 | D:1      | Reached XP level 1. HP: 17/17 MP: 3/3
   126 | D:1      | Reached XP level 2. HP: 14/24 MP: 4/4
  1094 | D:1      | Reached XP level 3. HP: 29/29 MP: 5/5
  1385 | D:2      | Noticed an Executioner
  1385 | D:2      | Noticed an angel
  1937 | D:2      | Reached XP level 4. HP: 26/36 MP: 6/6
  2207 | D:3      | Reached skill level 1 in Shields
  2759 | D:3      | Reached XP level 5. HP: 41/41 MP: 7/7
  3258 | D:4      | Reached skill level 2 in Shields
  3258 | D:4      | Noticed an ogre
  3270 | D:4      | Killed an ogre
  3271 | D:4      | Reached skill level 5 in Polearms
  3501 | D:4      | Reached XP level 6. HP: 48/48 MP: 8/8
  3600 | D:4      | Reached skill level 3 in Shields
  3864 | D:4      | Noticed Eustachio
  3881 | D:4      | Killed Eustachio
  4115 | D:5      | Entered Level 5 of the Dungeon
  4230 | D:5      | Found a staircase to the Ecumenical Temple.
  4266 | D:5      | Reached skill level 4 in Shields
  4266 | D:5      | Reached XP level 7. HP: 53/55 MP: 9/9
  4940 | D:5      | Found a transporter.
  4941 | D:5      | Found a transporter.
  4945 | D:5      | Noticed Nattfarinn's ghost (novice OpTm)
  5118 | D:5      | Reached XP level 8. HP: 57/61 MP: 10/10
  6507 | D:6      | Noticed Duvessa
  6507 | D:6      | Noticed Dowan
  6646 | D:6      | Killed Duvessa
  6973 | D:6      | Identified the +1 scale mail of Vehumet's Condemnation {rF+
                  | rC+ Int+2}
  7181 | D:6      | Reached XP level 9. HP: 61/71 MP: 11/11
  7265 | D:6      | Noticed Blork the orc
  7294 | D:6      | Killed Blork the orc
  7453 | D:6      | Killed Dowan
  7454 | D:6      | Reached skill level 5 in Dodging
  7466 | D:6      | Noticed Pikel
  7513 | D:6      | Killed Pikel
  7514 | D:6      | Reached skill level 10 in Polearms
  7789 | D:7      | Reached skill level 5 in Fighting
  8680 | D:8      | Found a staircase to the Lair.
  8938 | D:8      | Found a transporter.
  8939 | D:8      | Noticed a two-headed ogre
  8946 | D:8      | Noticed Morbidden's ghost (novice DsFi)
  8970 | D:8      | Found a transporter.
  9312 | D:8      | Identified the +5 short sword "Hugena" {vorpal, *Slow rElec
                  | Int+3 SInv}
  9371 | D:9      | Found Xuugaqargh's Distillery.
  9389 | D:9      | Noticed a manticore
  9397 | D:9      | Killed a manticore
  9633 | D:9      | Reached XP level 10. HP: 48/83 MP: 13/13
  9833 | D:9      | Noticed a two-headed ogre
  9856 | D:9      | Killed a two-headed ogre
 10490 | D:9      | Found the +9 heavy crossbow "Sniper" {vorpal, Acc+∞ SInv}
 10544 | D:10     | Entered Level 10 of the Dungeon
 11621 | D:10     | Found Ceqojieh's Antique Armour Shoppe.
 11652 | D:10     | Noticed a two-headed ogre
 11684 | D:10     | Killed a two-headed ogre
 11938 | D:10     | Reached XP level 11. HP: 68/95 MP: 14/14
 12488 | Lair:1   | Entered Level 1 of the Lair of Beasts
 14633 | Lair:2   | Reached skill level 10 in Fighting
 14749 | Lair:2   | Found a staircase to the Shoals.
 16649 | Lair:3   | Reached XP level 12. HP: 98/108 MP: 15/15
 17880 | Lair:4   | Found a hole to the Spider Nest.
 18632 | Lair:4   | Reached skill level 1 in Armour
 19501 | Lair:5   | Found a staircase to the Slime Pits.
 19859 | Lair:5   | Noticed an ice dragon
 19893 | Lair:5   | Killed an ice dragon
 20624 | Lair:6   | Entered Level 6 of the Lair of Beasts
 21132 | Lair:6   | Reached skill level 5 in Armour
 21287 | Lair:6   | Reached XP level 13. HP: 95/118 MP: 16/16
 23432 | Lair:6   | Reached skill level 10 in Dodging
 24475 | Shoals:1 | Entered Level 1 of the Shoals
 24475 | Shoals:1 | Found Fidwudos's Distillery.
 24848 | Shoals:1 | Bought a potion of curing for 36 gold pieces
 24848 | Shoals:1 | Bought 2 potions of curing for 72 gold pieces
 24848 | Shoals:1 | Bought a potion of heal wounds for 60 gold pieces
 25077 | Shoals:1 | Noticed a kraken
 25425 | Shoals:1 | Identified the +0 scale mail "Uphen" {+Blink rPois Will-
                  | Int-3}
 26471 | Shoals:1 | Reached XP level 14. HP: 31/126 MP: 17/17
 28178 | Shoals:2 | Learned a level 2 spell: Poisonous Vapours
 28182 | Shoals:2 | Learned a level 3 spell: Mephitic Cloud
 28292 | Shoals:2 | Reached skill level 1 in Conjurations
 28292 | Shoals:2 | Reached skill level 1 in Air Magic
 28292 | Shoals:2 | Reached skill level 1 in Poison Magic
 28502 | Shoals:2 | Reached skill level 1 in Spellcasting
 30185 | Shoals:1 | HP: 6/129 [poisoned by a sea snake]
 30191 | Shoals:1 | HP: 5/129 [poisoned by a sea snake]
 30196 | Shoals:1 | HP: 4/129 [poisoned by a sea snake]
 30203 | Shoals:1 | HP: 4/129 [poisoned by a sea snake]
 30211 | Shoals:1 | HP: 5/129 [poisoned by a sea snake]
 30641 | Shoals:2 | Noticed Polyphemus
 30661 | Shoals:2 | Killed Polyphemus
 32455 | Shoals:2 | Reached skill level 5 in Shields
 35246 | Shoals:3 | Reached skill level 6 in Shields
 35274 | Shoals:2 | Reached XP level 15. HP: 66/135 MP: 19/25
 35923 | Shoals:3 | Reached skill level 7 in Shields
 36934 | Shoals:3 | Reached skill level 8 in Shields
 37111 | Shoals:4 | Entered Level 4 of the Shoals
 37790 | Shoals:4 | Reached skill level 9 in Shields
 38104 | Shoals:4 | HP: 2/135 [merfolk javelineer/javelin (28)]
 39630 | Shoals:4 | Identified the Papyrus of Transmigration
 39856 | Shoals:4 | Reached skill level 10 in Shields
 41061 | Shoals:4 | Got a barnacled rune of Zot
 41085 | Shoals:4 | Reached skill level 11 in Shields
 41313 | Shoals:4 | Upgraded the game from 0.27-a0-531-gb72ec1a1b6 to
                  | 0.27-a0-535-g7eaf864cf9
 42446 | Spider:1 | Entered Level 1 of the Spider Nest
 42654 | D:11     | Found a runed translucent gate.
 42655 | D:11     | Found a runed translucent gate.
 42655 | D:11     | Found a runed translucent gate.
 42940 | D:11     | Noticed Maurice
 42990 | D:11     | Killed Maurice
 43568 | D:12     | Found Yhamotem's Distillery.
 43571 | D:12     | Bought a potion of heal wounds for 80 gold pieces
 43618 | D:12     | Reached skill level 12 in Shields
 43636 | D:12     | Found a flagged portal.
 43650 | Bailey   | Entered a bailey
 44083 | Bailey   | Identified a scroll of acquirement
 44086 | Bailey   | Acquired a +0 demon trident of flaming
 44260 | D:12     | Found Derilueps's Antique Weapon Boutique.
 44277 | D:12     | Found Antol's Assorted Antiques.
 44307 | D:12     | Found a runed translucent door.
 44317 | D:12     | Found the +10 tower shield of Ignorance {rN+ Int-4}
 44342 | D:12     | Bought a shimmering spear for 208 gold pieces
 44342 | D:12     | Identified the +4 spear "Wod Buug" {freeze, *Slow +Blink
                  | rPois} (You bought it in a shop on level 12 of the Dungeon)
 44514 | D:12     | Found a staircase to the Orcish Mines.
 44528 | Orc:1    | Entered Level 1 of the Orcish Mines
 44737 | Orc:2    | Entered Level 2 of the Orcish Mines
 44859 | Orc:2    | Found a staircase to the Elven Halls.
 44860 | Orc:2    | Noticed Snorg
 44887 | Orc:2    | Killed Snorg
 44892 | Orc:2    | Reached XP level 16. HP: 84/143 MP: 23/26
 44942 | Orc:2    | Found a flickering gateway to a bazaar.
 44990 | Bazaar   | Entered a bazaar
 44990 | Bazaar   | Found Xofyepy's Antique Armour Shoppe.
 45013 | Bazaar   | Found Koempu's Antique Armour Shoppe.
 45026 | Bazaar   | Found Lymuac's Jewellery Shoppe.
 45035 | Bazaar   | Bought the amulet of the Four Winds {rN+ Will+++ Clar} for
                  | 702 gold pieces
 45035 | Bazaar   | Found the amulet of the Four Winds {rN+ Will+++ Clar}
 45045 | Bazaar   | Bought a ring of see invisible for 240 gold pieces
 45072 | Bazaar   | Bought a spiked scale mail for 135 gold pieces
 45072 | Bazaar   | Identified the +1 scale mail of the Moon {Rampage rF++}
                  | (You bought it in a shop in a bazaar)
 45864 | Orc:1    | Reached skill level 13 in Shields
 46567 | Orc:2    | Found Uffuno's Magic Scroll Shoppe.
 46640 | Orc:2    | Found Zoczud's Antique Armour Shoppe.
 46853 | Orc:2    | Found Zuogruiss's Antique Armour Emporium.
 46853 | Orc:2    | Found Dyemij's Book Shoppe.
 46866 | Orc:2    | Bought a shiny helmet for 247 gold pieces
 46866 | Orc:2    | Bought a pair of warped gloves for 313 gold pieces
 46866 | Orc:2    | Identified the +1 pair of gloves of True Grit {Int+2} (You
                  | bought it in a shop on level 2 of the Orcish Mines)
 47165 | D:12     | Found a runed translucent door.
 47327 | D:13     | Found Moepsu's Book Shop.
 47471 | D:13     | Found Lyzaf's Book Boutique.
 47585 | D:13     | Found Renwugoe's Distillery.
 47589 | D:13     | Bought a potion of heal wounds for 75 gold pieces
 47589 | D:13     | Bought a potion of heal wounds for 75 gold pieces
 47670 | D:13     | Reached skill level 14 in Shields
 47692 | D:13     | Found Nol Miodaaps's Book Shoppe.
 47812 | D:13     | Found the +5 scythe "Finisher" {speed, eviscerate}
 47938 | D:13     | Found a gate to the Vaults.
 49564 | Spider:1 | Reached skill level 15 in Shields
 49886 | Spider:2 | Identified the +1 pair of gloves of Wonder {rC+ Stlth+}
 49940 | Spider:2 | Learned a level 6 spell: Statue Form
 50106 | Spider:1 | Reached skill level 1 in Transmutations
 50106 | Spider:1 | Reached skill level 1 in Earth Magic
 50961 | Spider:2 | Identified the +8 chain mail of Perfidy {rCorr Int+4}
 52667 | Spider:3 | Upgraded the game from 0.27-a0-535-g7eaf864cf9 to
                  | 0.27-a0-543-gd81048afd2
 53339 | Spider:3 | Noticed Bai Suzhen
 53702 | Vaults:1 | Entered Level 1 of the Vaults
 53727 | Vaults:1 | Reached XP level 17. HP: 120/149 MP: 27/27
 53754 | Vaults:1 | Found a magical portal.
 53769 | WizLab   | Entered Lehudib's Moon Base
 53812 | WizLab   | Reached skill level 5 in Transmutations
 53812 | WizLab   | Reached skill level 5 in Earth Magic
 54400 | WizLab   | Paralysed by accursed screaming for 2 turns
 55774 | WizLab   | Gained mutation: You are clumsy. (Dex -2) [a cacodemon]
 56022 | WizLab   | Noticed a quicksilver dragon
 56218 | WizLab   | Killed a quicksilver dragon
 56569 | WizLab   | Found a transporter.
 56630 | WizLab   | Found a transporter.
 57199 | WizLab   | Identified the +1 leather armour of the Land of Plenty
                  | {Str+5}
 57238 | WizLab   | Identified the ring "Disuntiu" {Wiz Str+2 SInv Stlth+}
 57238 | WizLab   | Noticed a moon troll
 57605 | Vaults:1 | HP: 5/149 [yaktaur captain/bolt (34)]
 58077 | Vaults:1 | HP: 7/149 [ironheart preserver/+0 dire flail[a vault
                  | warden] (16)]
 59482 | Vaults:1 | Reached XP level 18. HP: 61/157 MP: 28/28
 59784 | Vaults:1 | Identified the +1 trident of Besycs {vorpal, *Drain rC+
                  | Dex+5}
 60145 | Vaults:2 | Reached skill level 10 in Transmutations
 60145 | Vaults:2 | Reached skill level 10 in Earth Magic
 60590 | Vaults:2 | HP: 4/204 [tengu reaver/bolt of acid (30)]
 60590 | Vaults:2 | Splashed by a tengu reaver's acid

Illustrated notes

Levels and vault maps discovered:
D:1:      ncdulo_halloftheorcs, layout_loops_ring, st_stairs_6
D:2:      layout_basic, grunt_temple_overflow_order_and_chaos_2,
          pdpol_wu_jian_five_deadly_venoms, minmay_shallow_snake_nest
D:3:      layout_basic
D:4:      layout_basic, kennysheep_little_box, uniq_eustachio
D:5:      layout_loops_ring, minmay_temple_entry_slanted, gammafunk_ghost_arena,
          minmay_misc_feat_tower, fedhas_altar_3
D:6:      layout_cave_pools, trog_ov_bears_minmay,
          nemelex_xobeh_ov_fountains_minmay, grunt_ministairs_9, minivault_23,
          uniq_pikel, uniq_blork_the_orc, uniq_duvessa
D:7:      layout_loops_ring, nzn_hepliaklqana_mist_gate,
          kiku_gazebo_garden_becter
D:8:      layout_gridville, lair_entry_dummy, nzn_ghost_randoct
D:9:      minmay_weird_star, layout_loops_ring, grunt_gozag_breadcrumbs,
          chequers_temple_overflow_statue_of_worship, serial_shops, shop
D:10:     layout_cave_pods, serial_shops, nicolae_shop_overgrown_old_shop
D:11:     layout_small_grid, ploomutoo_gammafunk_ghost_potion_laboratory,
          uniq_maurice
D:12:     layout_rooms, erik_orc_2, serial_shops, nicolae_shop_stone,
          shop_statue, shop, enter_bailey_5, chequers_guarded_unrand_ignorance
D:13:     layout_small_grid, lightli_vaults_fourway_checkpoint, serial_shops,
          nicolae_shop_trees, kennysheep_mini,
          nicolae_shop_temple_entry_statues_fountains, shop,
          minmay_guarded_unrand_finisher
Lair:1:   layout_gridlike, minivault_25, grunt_megastairs_1,
          serial_bayou_shore_a
Lair:2:   layout_roguey, minmay_shoals_entry_beasts, amcnicky_altar_gilded,
          grunt_megastairs_5
Lair:3:   layout_cave_pods, st_stairs_8
Lair:4:   layout_roguey, spider_nest_entry_webs, infiniplex_staircase_pool,
          grunt_megastairs_2
Lair:5:   layout_gridlike, minmay_slime_entry_oklob_enclosed, minivault_26,
          bobbens_ice_dragon_lair, lemuel_fruit_tree
Lair:6:   minmay_lair_end_frog_pond, layout_regular_city, serial_bayou_shore_b
Shoals:1: layout_shoals, serial_shops, shop
Shoals:2: cheibrodos_shoals_three_sisters, layout_shoals,
          nicolae_shoals_flooded_hall, uniq_polyphemus
Shoals:3: layout_shoals, nicolae_shoals_seven_spires,
          nicolae_shoals_water_shrine
Shoals:4: shoals_end_simple, layout_shoals
Spider:1: layout_spider_delve, hangedman_spider_mandibles
Spider:2: layout_spider_delve
Spider:3: layout_spider_delve, drop_trap, uniq_bai_suzhen
Orc:1:    layout_caves, mines3_lemuel
Orc:2:    kennysheep_orc_mage_school, layout_diamond_mine, serial_shops,
          bzr_entry_dummy, uniq_snorg
Vaults:1: nicolae_vaults_know_your_exits, vaults_room_pools,
          ontoclasm_vaults_decontamination, dpeg_vaults_monster_box,
          vaults_dpeg_hooks, v_rooms_5, hangedman_vaults_nails, v_misc_30,
          layout_vaults_omnicross, infiniplex_enter_wizlab_water
Vaults:2: nicolae_vaults_little_squares_3, v_misc_1, st_quartered_hall,
          vaults_room_corners, v_misc_13, hangedman_vaults_stretched_pinwheel,
          nicolae_vaults_little_squares_4, nicolae_vaults_network_quincunx
          [nicolae_vaults_network_quincunx_subvault,
          nicolae_vaults_network_quincunx_subvault,
          nicolae_vaults_network_quincunx_subvault,
          nicolae_vaults_network_quincunx_subvault,
          nicolae_vaults_network_quincunx_subvault], vaults_room_grid,
          nicolae_vaults_yaktaur_gun_rack, vaults_room_large_hall,
          hangedman_vaults_impose, hangedman_vaults_cutoff,
          ontoclasm_vaults_chip, layout_vaults_omnibox, uniq_boris, uniq_aizul

Skill      XL: |  1  2  3  4  5  6  7  8  9 10 11 12 13 14 15 16 17 18 |
---------------+-------------------------------------------------------+-----
Polearms       | 3 4 5 6 8 9 10 12 13 14 | 14.0
Shields        | 1 2 4 6 12 15 | 15.1
Fighting       | 2 3 6 8 10 12 13 | 13.0
Dodging        | 3 4 6 8 11 | 11.0
Armour         | 5 9 |  9.0
Conjurations   | 4 |  4.0
Air Magic      | 3 |  3.0
Poison Magic   | 4 |  4.0
Spellcasting   | 4 |  4.0
Transmutations | 4 9 10 | 10.3
Earth Magic    | 4 9 10 | 10.3
Throwing       | |  1.7

Action                   |  1- 3 |  4- 6 |  7- 9 | 10-12 | 13-15 | 16-18 || total
-------------------------+-------+-------+-------+-------+-------+-------++-------
Melee: Trident           |   132 |   111 |   443 |  1119 |  1923 |       ||  3728
       Short sword       |       |    20 |       |       |       |       ||    20
       Demon trident     |       |       |       |       |   210 |  1639 ||  1849
       Spear             |       |       |       |       |       |   939 ||   939
Throw: Throwing net      |     1 |     1 |       |       |     1 |     1 ||     4
       Dart              |       |    11 |    16 |    27 |    14 |       ||    68
 Cast: Poisonous Vapours |       |       |       |       |   172 |    98 ||   270
       Mephitic Cloud    |       |       |       |       |    18 |    18 ||    36
       Statue Form       |       |       |       |       |       |     9 ||     9
Evoke: Wand              |       |       |       |     2 |    98 |     5 ||   105
       Condenser vane    |       |       |       |       |     2 |     3 ||     5
       Tin of tremorston |       |       |       |       |       |     1 ||     1
  Use: Scroll            |       |       |     2 |    25 |    15 |    17 ||    59
       Potion            |       |       |       |     4 |     5 |     7 ||    16
 Stab: Held in net/web   |     1 |       |       |       |       |       ||     1
       Distracted        |     1 |       |       |       |       |       ||     1
       Paralysed         |       |       |       |       |    12 |       ||    12
       Confused          |       |       |       |       |    17 |    23 ||    40
       Sleeping          |       |       |       |       |       |     1 ||     1
Armor: Leather armour    |    21 |       |       |       |       |       ||    21
       Ring mail         |       |    22 |    40 |       |       |       ||    62
       Scale mail        |       |       |    24 |   125 |   143 |    16 ||   308
       Robe              |       |       |       |       |    68 |       ||    68
       Troll leather arm |       |       |       |       |       |   141 ||   141
       Chain mail        |       |       |       |       |       |   201 ||   201
       Skin              |       |       |       |       |       |    72 ||    72
Dodge: Dodged            |    80 |    74 |   260 |   585 |  1168 |  1118 ||  3285
       Repelled          |       |       |       |       |     9 |       ||     9
Block: Buckler           |     2 |    17 |    67 |   134 |    79 |       ||   299
       Kite shield       |       |       |       |       |   588 |  1314 ||  1902
       Reflection        |       |       |       |       |    88 |    36 ||   124

Table legend: (Time is in decaauts)
 A = Elapsed time spent in this place.
 B = Non-inter-level travel time spent in this place.
 C = Inter-level travel time spent in this place.
 D = Time resting spent in this place.
 E = Time spent auto-exploring this place.
 F = Levels seen in this place.
 G = Mean time per level.
                   A        B        C        D        E       F      G
               +--------+--------+--------+--------+--------+-----+--------+
         Total |  59038 |  56970 |   2068 |  24088 |  18223 |  33 | 1789.0 |
       Dungeon |  15665 |  14879 |    786 |   2746 |   8632 |  13 | 1205.0 |
          Lair |  12353 |  11809 |    544 |   5016 |   4851 |   6 | 2058.8 |
        Shoals |  17519 |  17114 |    405 |  11756 |    962 |   4 | 4379.8 |
   Spider Nest |   4493 |   4292 |    201 |   1787 |   1057 |   3 | 1497.7 |
  Orcish Mines |   2154 |   2051 |    103 |     96 |   1217 |   2 | 1077.0 |
        Vaults |   2722 |   2695 |     27 |    631 |    920 |   2 | 1361.0 |
        Bazaar |    155 |    155 |      0 |      0 |     58 |   1 |  155.0 |
        Bailey |    517 |    517 |      0 |      0 |    309 |   1 |  517.0 |
        Wizlab |   3457 |   3457 |      0 |   2054 |    215 |   1 | 3457.0 |
               +--------+--------+--------+--------+--------+-----+--------+

Top non-repeatable levels by time:
Shoals:2: 6421 daAuts
Shoals:1: 4231 daAuts
Shoals:3: 3528 daAuts
  WizLab: 3457 daAuts
  Lair:6: 3456 daAuts
Shoals:4: 3338 daAuts
     D:5: 2481 daAuts
Vaults:1: 2076 daAuts
  Lair:5: 2018 daAuts
  Lair:2: 1899 daAuts
  Lair:1: 1769 daAuts
Spider:1: 1768 daAuts
  Lair:3: 1688 daAuts
    D:10: 1528 daAuts
  Lair:4: 1521 daAuts
